 Dungeon Crawl Stone Soup version 0.16.2-2-g470672f (webtiles) character file.

265 dearth the Cudgeler (level 5, -1/47 HPs)
             Began as a Minotaur Fighter on Aug 28, 2015.
             Slain by an ogre
             ... wielding a +0 giant club
              (19 damage)
             ... on level 4 of the Dungeon.
             The game lasted 00:05:32 (2748 turns).

dearth the Cudgeler (Minotaur Fighter)              Turns: 2748, Time: 00:05:32

Health: -1/47      AC:  7    Str: 21    XL:     5   Next: 99%
Magic:  2/2        EV:  7    Int:  5    God:
Gold:   146        SH: 10    Dex: 10    Spells: 0 memorised, 4 levels left

rFire  . . .     SeeInvis .     a - +0 flail
rCold  . . .     Clarity  .     b - +0 scale mail
rNeg   . . .     SustAb   .     c - +0 shield
rPois  .         Gourm    .     (helmet restricted)
rElec  .         Spirit   .     (no cloak)
rCorr  .         Warding  .     (no gloves)
rMut   .         Stasis   .     (no boots)
MR     .....                    (no amulet)
Stlth  ..........               (no ring)
                                (no ring)

@: not resistant to hostile enchantments, extremely unstealthy
A: retaliatory headbutt, horns 2
a: no special abilities


You were on level 4 of the Dungeon.
You were not hungry.

You visited 1 branch of the dungeon, and saw 4 of its levels.

You collected 146 gold pieces.

Inventory:

Hand weapons
 a - a +0 flail (weapon)
Armour
 b - a +0 scale mail (worn)
 c - a +0 shield (worn)
Jewellery
 r - an uncursed amulet of the gourmand {unknown}
Scrolls
 d - a scroll of blinking {unknown}
 g - a scroll of remove curse {unknown}
 h - 6 scrolls of identify {unknown}
 j - 2 scrolls of teleportation {unknown}
 k - a scroll of enchant armour {unknown}
 o - 2 scrolls of fear {unknown}
 p - a scroll of recharging {unknown}
 s - 2 scrolls of immolation {unknown}
 t - a scroll of amnesia {unknown}
Potions
 e - a potion of might
 f - a potion of heal wounds {unknown}
 i - 2 potions of curing {unknown}
 l - a potion of cure mutation {unknown}
 m - a potion of brilliance {unknown}
 q - a potion of haste {unknown}
Comestibles
 n - a beef jerky


   Skills:
 + Level 4.7 Fighting
 * Level 5.2 Maces & Flails
 + Level 4.6 Armour
 + Level 4.9 Shields


You had 4 spell levels left.
You didn't know any spells.

Dungeon Overview and Level Annotations

Branches:
Dungeon (4/15)
 Temple: D:4-7

Altars:
Vehumet
Yredelemnul


Innate Abilities, Weirdness & Mutations

You reflexively headbutt those who attack you in melee.
You have a pair of horns on your head.


Message History

The ogre shouts!
A ball python comes into view.
You sock the ogre!
The ogre is moderately wounded.
The ogre hits you with a giant club!!
Ouch! That really hurt!
You barely miss the ogre.
The ogre is moderately wounded.
The ogre hits you with a giant club.
You barely miss the ogre. You headbutt the ogre!
The ogre is heavily wounded.
The ogre hits you with a giant club.
You thump the ogre!
The ogre is almost dead.
You block the ball python's attack. x2
You hit the ogre but do no damage.
The ogre is almost dead.
The ball python bites you but does no damage.
You block the ball python's attack. The ogre hits you with a giant club!!
You die...

####. #....... #...
######.# #.# #.# #.#
# #.# #.# .# #.#
#### #.# ###.### #..
.....#####.###
#.....# ###
#.........###.#.#.##
#....S@O...........#
#.#######.###.#.#..#
#.# #....O # #.#
###.##. #.# .# # #.#
# #.# #.# #.#


You could see an ogre and a ball python.

Vanquished Creatures
  A hound (D:4)
  An orc priest (D:4)
  An orc wizard (D:3)
  Ijyb (D:2)
  Jessica (D:2)
  The ghost of Charly the Ruffian, a weakling VSTm (D:3)
  2 worms
  3 adders (D:3)
  4 giant geckos
  2 oozes
  4 orcs (D:3)
  13 goblins
  9 hobgoblins
  17 kobolds
  A quokka (D:3)
  12 bats
  3 giant cockroaches
  3 giant newts
  6 jackals
  12 rats
  A spectral orc (D:3)
98 creatures vanquished.

Notes
Turn   | Place    | Note
--------------------------------------------------------------
     0 | D:1      | dearth, the Minotaur Fighter, began the quest for the Orb.
     0 | D:1      | Reached XP level 1. HP: 19/19 MP: 1/1
   290 | D:1      | Reached XP level 2. HP: 27/27 MP: 1/1
   717 | D:1      | Reached skill level 4 in Fighting
   717 | D:1      | Reached XP level 3. HP: 33/33 MP: 2/2
   949 | D:2      | Noticed Jessica
   964 | D:2      | Killed Jessica
  1398 | D:2      | Reached XP level 4. HP: 40/40 MP: 2/2
  1501 | D:2      | Noticed Ijyb
  1528 | D:2      | Killed Ijyb
  1923 | D:3      | Noticed Charly's ghost (weakling VSTm)
  1928 | D:3      | Killed Charly's ghost
  2094 | D:3      | Reached XP level 5. HP: 33/47 MP: 2/2
  2321 | D:3      | Found a basalt altar of Yredelemnul.
  2591 | D:4      | Reached skill level 5 in Maces & Flails
  2656 | D:4      | Found a radiant altar of Vehumet.
  2732 | D:4      | Noticed an ogre
  2748 | D:4      | Slain by an ogre

Action                   |  1- 3 |  4- 6 || total
-------------------------+-------+-------++-------
Melee: Flail             |    89 |   101 ||   190
  Eat: Beef jerky        |     1 |       ||     1
       Bread ration      |       |     1 ||     1
